EL
ARKANSAS TRAVELERS @ BIRMINGHAM BARONS
07/21/2044
 
TOP OF THE 1ST
Corpus Christi Hooks batting - Pitching for Chattanooga Lookouts : RHP Steve Shirley
Pitching: RHP Steve Shirley
Batting: SHB Dylan Novakowski 0-0: SINGLE (Flyball, 9S, EV 85.6 MPH)
Batting: LHB Bob Myers 0-0: Called Strike
0-1: Ball
1-1: Ball
2-1: Foul Ball, location: 2F
2-2: Ball
3-2: SINGLE (Line Drive, 8RS, EV 105.0 MPH)
Dylan Novakowski to second
Batting: SHB Ryan Langlois 0-0: Ball
1-0: Ball
2-0: Ball
3-0: Called Strike
3-1: SINGLE (Groundball, 4MD, EV 96.9 MPH)
Dylan Novakowski to third
Bob Myers to second
Runner from 3rd tries for Home, SAFE, throw by CF to home
Batting: RHB David Fernandez 0-0: Called Strike
0-1: Swinging Strike
0-2: Ball
1-2: Ball
2-2: Ball
3-2: SINGLE (Groundball, 4MD, EV 109.4 MPH)
Bob Myers to third
Ryan Langlois to second
Bob Myers scores
Ryan Langlois to third
Batting: LHB Anthony Howie 0-0: Called Strike
0-1: Called Strike
0-2: Strikes out looking
Batting: RHB Chris Fitzgerald 0-0: Called Strike
0-1: Foul Ball, location: 2F
0-2: Strikes out swinging
Batting: RHB Jordan Williams 0-0: Ball
1-0: Foul Ball, location: 2F
1-1: Foul Ball, location: 2F
1-2: Foul Ball, location: 2F
1-2: Ball
2-2: Strikes out looking
Top of the 1st over - 2 runs, 4 hits, 0 errors, 2 left on base; Corpus Christi 2 - Chattanooga 0
BOTTOM OF THE 1ST
Chattanooga Lookouts batting - Pitching for Corpus Christi Hooks : RHP Eli Hernandez
Pitching: RHP Eli Hernandez
Batting: RHB Hiromi Tanaka 0-0: Ball
1-0: Called Strike
1-1: Foul Ball, location: 2F
1-2: Foul Ball, location: 2F
1-2: Ball
2-2: Ball
3-2: Foul Ball, location: 2F
3-2: Foul Ball, location: 2F
3-2: Strikes out swinging
Batting: SHB Aaron Tatar 0-0: Called Strike
0-1: Foul Ball, location: 2F
0-2: Strikes out swinging
Batting: RHB Vinny Luna 0-0: Foul Ball, location: 2F
0-1: Fly out, F9 (Flyball, 89D, EV 100.0 MPH)
Bottom of the 1st over - 0 runs, 0 hits, 0 errors, 0 left on base; Corpus Christi 2 - Chattanooga 0
TOP OF THE 2ND
Corpus Christi Hooks batting - Pitching for Chattanooga Lookouts : RHP Steve Shirley
Batting: RHB To-wai Chou 0-0: Ball
1-0: Ball
2-0: Swinging Strike
2-1: Called Strike
2-2: Strikes out swinging
Batting: RHB Marco Sianez 0-0: Called Strike
0-1: Ground out 6-3 (Groundball, 6, EV 83.1 MPH)
Batting: SHB Dylan Novakowski 0-0: Called Strike
0-1: Ball
1-1: Foul Ball, location: 2F
1-2: Foul Ball, location: 2F
1-2: Strikes out looking
Top of the 2nd over - 0 runs, 0 hits, 0 errors, 0 left on base; Corpus Christi 2 - Chattanooga 0
BOTTOM OF THE 2ND
Chattanooga Lookouts batting - Pitching for Corpus Christi Hooks : RHP Eli Hernandez
Batting: RHB Alex Salinas 0-0: Called Strike
0-1: Swinging Strike
0-2: Foul Ball, location: 2F
0-2: Ball
1-2: Ball
2-2: Foul Ball, location: 2F
2-2: Fly out, F8 (Line Drive, 8RD, EV 97.5 MPH)
Batting: LHB Raymond Martin 0-0: Foul Ball, location: 2F
0-1: Ball
1-1: Ball
2-1: Called Strike
2-2: Strikes out swinging
Batting: LHB Dwayne Blagdon 0-0: Ball
1-0: Foul Ball, location: 2F
1-1: Foul Ball, location: 2F
1-2: Ground out 6-3 (Groundball, 6, EV 97.5 MPH)
Bottom of the 2nd over - 0 runs, 0 hits, 0 errors, 0 left on base; Corpus Christi 2 - Chattanooga 0
TOP OF THE 3RD
Corpus Christi Hooks batting - Pitching for Chattanooga Lookouts : RHP Steve Shirley
Batting: LHB Bob Myers 0-0: Ball
1-0: Foul Ball, location: 2F
1-1: Fly out, F9 (Flyball, 89M, EV 77.5 MPH)
Batting: SHB Ryan Langlois 0-0: Ball
1-0: Ball
2-0: Called Strike
2-1: Called Strike
2-2: Ball
3-2: Foul Ball, location: 2F
3-2: Strikes out swinging
Batting: RHB David Fernandez 0-0: Ball
1-0: Called Strike
1-1: Ball
2-1: Swinging Strike
2-2: Foul Ball, location: 2F
2-2: Ball
3-2: Strikes out swinging
Top of the 3rd over - 0 runs, 0 hits, 0 errors, 0 left on base; Corpus Christi 2 - Chattanooga 0
BOTTOM OF THE 3RD
Chattanooga Lookouts batting - Pitching for Corpus Christi Hooks : RHP Eli Hernandez
Batting: LHB Julio Crespo 0-0: Called Strike
0-1: Swinging Strike
0-2: Ball
1-2: Ball
2-2: Ground out 4-3 (Groundball, 4, EV 85.6 MPH)
Batting: RHB Josh Johnson 0-0: Swinging Strike
0-1: Ground out 4-3 (Groundball, 4, EV 96.9 MPH)
Batting: RHB Marcos Ornelas 0-0: Ball
1-0: Ball
2-0: Foul Ball, location: 2F
2-1: Called Strike
2-2: Ball
3-2: Base on Balls
Batting: RHB Hiromi Tanaka 0-0: Called Strike
0-1: Foul Ball, location: 2F
0-2: Foul Ball, location: 2F
0-2: Foul Ball, location: 2F
0-2: Ball
1-2: Ball
2-2: Foul Ball, location: 2F
2-2: DOUBLE (Line Drive, 9LS, EV 109.4 MPH)
Marcos Ornelas to third
Runner from 3rd tries for Home, SAFE, throw by RF to home
Batting: SHB Aaron Tatar 0-0: Ball
1-0: Fly out, F3 (Line Drive, 3, EV 62.5 MPH)
Bottom of the 3rd over - 1 run, 1 hit, 0 errors, 1 left on base; Corpus Christi 2 - Chattanooga 1
TOP OF THE 4TH
Corpus Christi Hooks batting - Pitching for Chattanooga Lookouts : RHP Steve Shirley
Batting: LHB Anthony Howie 0-0: Swinging Strike
0-1: Foul Ball, location: 2F
0-2: Ball
1-2: Strikes out swinging
Batting: RHB Chris Fitzgerald 0-0: Ball
1-0: Called Strike
1-1: Ball
2-1: SINGLE (Line Drive, 7S, EV 101.9 MPH)
Batting: RHB Jordan Williams 0-0: Called Strike
Chris Fitzgerald steals 2nd base
0-1: Foul Ball, location: 2F
0-2: Strikes out swinging
Batting: RHB To-wai Chou 0-0: Ball
1-0: Ball
2-0: Swinging Strike
2-1: Foul Ball, location: 2F
2-2: Foul Ball, location: 2F
2-2: Strikes out swinging
Top of the 4th over - 0 runs, 1 hit, 0 errors, 1 left on base; Corpus Christi 2 - Chattanooga 1
BOTTOM OF THE 4TH
Chattanooga Lookouts batting - Pitching for Corpus Christi Hooks : RHP Eli Hernandez
Batting: RHB Vinny Luna 0-0: Foul Ball, location: 2F
0-1: Fly out, F6 (Popup, 6, EV 65.6 MPH)
Batting: RHB Alex Salinas 0-0: Foul Ball, location: 2F
0-1: Ball
1-1: Foul Ball, location: 2F
1-2: Foul Ball, location: 2F
1-2: Ball
2-2: Ground out 1-3 (Groundball, 13S, EV 66.9 MPH)
Batting: LHB Raymond Martin 0-0: Called Strike
0-1: Swinging Strike
0-2: Ball
1-2: DOUBLE (Line Drive, 5D, EV 96.3 MPH)
Batting: LHB Dwayne Blagdon 0-0: Fly out, F8 (Line Drive, 8LM, EV 95.6 MPH)
Bottom of the 4th over - 0 runs, 1 hit, 0 errors, 1 left on base; Corpus Christi 2 - Chattanooga 1
TOP OF THE 5TH
Corpus Christi Hooks batting - Pitching for Chattanooga Lookouts : RHP Steve Shirley
Batting: RHB Marco Sianez 0-0: Fly out, F1 (Line Drive, P, EV 65.0 MPH)
Batting: SHB Dylan Novakowski 0-0: Ball
1-0: Foul Ball, location: 2F
1-1: Called Strike
1-2: Foul Ball, location: 2F
1-2: Foul Ball, location: 2F
1-2: Foul Ball, location: 2F
1-2: Foul Ball, location: 2F
1-2: Ball
2-2: Strikes out swinging
Batting: LHB Bob Myers 0-0: Swinging Strike
0-1: Ball
1-1: Foul Ball, location: 2F
1-2: Ball
2-2: Ball
3-2: Ground out 4-3 (Groundball, 34D, EV 85.6 MPH)
Top of the 5th over - 0 runs, 0 hits, 0 errors, 0 left on base; Corpus Christi 2 - Chattanooga 1
BOTTOM OF THE 5TH
Chattanooga Lookouts batting - Pitching for Corpus Christi Hooks : RHP Eli Hernandez
Batting: LHB Julio Crespo 0-0: Ball
1-0: Called Strike
1-1: Ground out 4-3 (Groundball, 4, EV 93.1 MPH)
Batting: RHB Josh Johnson 0-0: Called Strike
0-1: Ball
1-1: Ground out 4-3 (Groundball, 4, EV 103.8 MPH)
Batting: RHB Marcos Ornelas 0-0: Called Strike
0-1: Ball
1-1: Called Strike
1-2: SINGLE (Groundball, 34D, EV 107.5 MPH)
Batting: RHB Hiromi Tanaka 0-0: Foul Ball, location: 2F
0-1: Ball
1-1: Foul Ball, location: 2F
1-2: Ground out 1-3 (Groundball, 15S, EV 64.4 MPH)
Bottom of the 5th over - 0 runs, 1 hit, 0 errors, 1 left on base; Corpus Christi 2 - Chattanooga 1
TOP OF THE 6TH
Corpus Christi Hooks batting - Pitching for Chattanooga Lookouts : RHP Steve Shirley
Batting: SHB Ryan Langlois 0-0: Called Strike
0-1: Ball
1-1: Called Strike
1-2: Foul Ball, location: 2F
1-2: Ball
2-2: Strikes out swinging
Batting: RHB David Fernandez 0-0: Called Strike
0-1: Swinging Strike
0-2: Ball
1-2: Ball
2-2: Ball
3-2: Foul Ball, location: 2F
3-2: Foul Ball, location: 2F
3-2: Foul Ball, location: 2F
3-2: Fly out, F8 (Flyball, 8LM, EV 73.1 MPH)
Batting: LHB Anthony Howie 0-0: Ground out 3-1 (Groundball, 34, EV 86.9 MPH)
Top of the 6th over - 0 runs, 0 hits, 0 errors, 0 left on base; Corpus Christi 2 - Chattanooga 1
BOTTOM OF THE 6TH
Chattanooga Lookouts batting - Pitching for Corpus Christi Hooks : RHP Eli Hernandez
Batting: SHB Aaron Tatar 0-0: Ball
1-0: Foul Ball, location: 2F
1-1: Fly out, F5 (Popup, 5L, EV 75.0 MPH)
Batting: RHB Vinny Luna 0-0: Ball
1-0: Ball
2-0: Foul Ball, location: 2F
2-1: Fly out, F6 (Flyball, 6D, EV 80.6 MPH)
Batting: RHB Alex Salinas 0-0: Ball
1-0: Called Strike
1-1: Called Strike
1-2: Ball
2-2: Ball
3-2: Base on Balls
Batting: LHB Raymond Martin 0-0: Ball
1-0: Ball
2-0: Ball
3-0: Called Strike
3-1: Foul Ball, location: 2F
3-2: Strikes out swinging
Bottom of the 6th over - 0 runs, 0 hits, 0 errors, 1 left on base; Corpus Christi 2 - Chattanooga 1
TOP OF THE 7TH
Corpus Christi Hooks batting - Pitching for Chattanooga Lookouts : RHP Steve Shirley
Pitching: RHP Cody Giannotta
Batting: RHB Chris Fitzgerald 0-0: Called Strike
0-1: Ball
1-1: Fly out, F9 (Flyball, 9S, EV 75.0 MPH)
Batting: RHB Jordan Williams 0-0: Called Strike
0-1: Ground out 1-3 (Groundball, 15, EV 63.1 MPH)
Batting: RHB To-wai Chou 0-0: Ball
1-0: Ground out 5-3 (Groundball, 5S, EV 81.3 MPH)
Top of the 7th over - 0 runs, 0 hits, 0 errors, 0 left on base; Corpus Christi 2 - Chattanooga 1
BOTTOM OF THE 7TH
Chattanooga Lookouts batting - Pitching for Corpus Christi Hooks : RHP Eli Hernandez
Batting: LHB Dwayne Blagdon 0-0: Foul Ball, location: 2F
0-1: Called Strike
0-2: Ball
1-2: Foul Ball, location: 2F
1-2: Strikes out swinging
Batting: LHB Julio Crespo 0-0: Ground out 6-3 (Groundball, 4D, EV 91.3 MPH)
Batting: RHB Josh Johnson 0-0: Ball
1-0: Called Strike
1-1: Swinging Strike
1-2: Foul Ball, location: 2F
1-2: Ball
2-2: Foul Ball, location: 2F
2-2: Foul Ball, location: 2F
2-2: Foul Ball, location: 2F
2-2: Ball
3-2: Fly out, F8 (Flyball, 8RM, EV 86.3 MPH)
Bottom of the 7th over - 0 runs, 0 hits, 0 errors, 0 left on base; Corpus Christi 2 - Chattanooga 1
TOP OF THE 8TH
Corpus Christi Hooks batting - Pitching for Chattanooga Lookouts : RHP Cody Giannotta
Pinch Hitting: LHB Adam Barry 0-0: Foul Ball, location: 2F
0-1: Called Strike
0-2: Ground out 5-3 (Groundball, 5, EV 83.1 MPH)
Batting: SHB Dylan Novakowski 0-0: Ball
1-0: Foul Ball, location: 2F
1-1: Ball
2-1: Foul Ball, location: 2F
2-2: Ball
3-2: TRIPLE (Flyball, 89XD, EV 90.6 MPH)
Batting: LHB Bob Myers 0-0: Intentional Walk
Batting: SHB Ryan Langlois 0-0: Called Strike
0-1: Ball
1-1: Ball
2-1: Called Strike
2-2: Ball
3-2: Grounds into double play, 4-6-3 (Groundball, 4, EV 88.1 MPH)
Top of the 8th over - 0 runs, 1 hit, 0 errors, 1 left on base; Corpus Christi 2 - Chattanooga 1
BOTTOM OF THE 8TH
Chattanooga Lookouts batting - Pitching for Corpus Christi Hooks : RHP Eli Hernandez
Pitching: LHP Chad Dominey
Now at 1B: Adam Barry
Now in CF: Nate Kopchak
Batting: RHB Marcos Ornelas 0-0: Ball
1-0: Called Strike
1-1: Ball
2-1: Called Strike
2-2: Fly out, F4 (Line Drive, 4, EV 68.8 MPH)
Batting: RHB Hiromi Tanaka 0-0: SINGLE (Line Drive, 56D, EV 100.0 MPH)
Batting: SHB Aaron Tatar 0-0: Swinging Strike
0-1: Ball
1-1: Ball
2-1: Called Strike
2-2: Ball
3-2: Foul Ball, location: 2F
3-2: Fielders Choice at 2nd, 3-6 (Groundball, 34, EV 107.5 MPH)
Batting: RHB Vinny Luna 0-0: DOUBLE (Line Drive, 9LM, EV 115.0 MPH)
Aaron Tatar to third
Runner from 3rd tries for Home, SAFE, throw by RF to trailing runner, SAFE at third!
Batting: RHB Alex Salinas 0-0: Called Strike
0-1: Ball
1-1: Ball
2-1: DOUBLE (Line Drive, 89D, EV 101.9 MPH)
Vinny Luna scores
Batting: RHB Ricardo Pena 0-0: Ball
1-0: Ball
2-0: 2-RUN HOME RUN (Flyball, 7D, EV 103.8 MPH), Distance : 408 ft
Batting: LHB Dwayne Blagdon 0-0: Ball
1-0: Ball
2-0: Called Strike
2-1: Ground out 4-3 (Groundball, 4D, EV 101.9 MPH)
Bottom of the 8th over - 4 runs, 4 hits, 0 errors, 0 left on base; Corpus Christi 2 - Chattanooga 5
TOP OF THE 9TH
Corpus Christi Hooks batting - Pitching for Chattanooga Lookouts : RHP Cody Giannotta
Pitching: RHP Chris Villagomez
Batting: SHB Nate Kopchak 0-0: Ball
1-0: Ball
2-0: Ball
3-0: Called Strike
3-1: Foul Ball, location: 2F
3-2: Base on Balls
Batting: LHB Anthony Howie 0-0: Ball
1-0: Foul Ball, location: 2F
1-1: Called Strike
1-2: Ball
2-2: Grounds into double play, 4-6-3 (Groundball, 4, EV 85.6 MPH)
Pinch Hitting: LHB Francisco Acevedo 0-0: Called Strike
0-1: Ball
1-1: Swinging Strike
1-2: Foul Ball, location: 2F
1-2: Ball
2-2: Strikes out swinging
Top of the 9th over - 0 runs, 0 hits, 0 errors, 0 left on base; Corpus Christi 2 - Chattanooga 5
Thursday, March 31st , 2022 - OOTP Baseball 22.12 Build 89